 Dungeon Crawl Stone Soup version 0.27-a0-1273-gec92ba881d (webtiles) character file.

Game seed: 17309645691952775907

3019 robertstho the Thaumaturge (level 10, -5/64 HPs)
             Began as a Djinni Fire Elementalist on June 11, 2021.
             Was an Initiate of Gozag.
             Shot with a sling bullet by Joseph (17 damage)
             ... on level 7 of the Dungeon.
             The game lasted 00:14:52 (10430 turns).

robertstho the Thaumaturge (DjFE)                  Turns: 10430, Time: 00:14:53

Health: -5/64      AC:  8    Str:  7    XL:     10   Next: 10%
Gold:   529        EV: 13    Int: 20    God:    Gozag SH:  0 Dex: 14

rFire    + + +     SeeInvis .   l - +2 short sword (speed)
rCold    x . .     Faith    .   (no shield)
rNeg     . . .     Spirit   .   F - +0 steam dragon scales
rPois    ∞         Reflect  .   x - +2 helmet
rElec    .         Harm     .   h - scarf {+Inv}
rCorr    .         Rampage  .   (no gloves)
Will     +....                  (boots unavailable)
Stlth    +++.......             (no amulet)
HPRegen  0.20/turn              g - ring of protection from fire
MPRegen  0.00/turn              (no ring)

@: gold aura, flying
A: sickness immunity, fire resistance 2, cold vulnerability 1, float, innate
caster, hp casting, extra vitality 1
a: Renounce Religion, Evoke Invisibility, Potion Petition, Call Merchant, Bribe
Branch


You were on level 7 of the Dungeon.
You worshipped Gozag.
Gozag was pleased with you.
You visited 2 branches of the dungeon, and saw 8 of its levels.
You also visited: Sewer.

You collected 651 gold pieces.
You spent 55 gold pieces at shops.
You paid 67 gold pieces to Gozag.

Inventory:

Hand Weapons
 e - a +0 dagger
 l - a +2 short sword of speed (weapon)
Armour
 h - a scarf of invisibility (worn)
 x - a +2 helmet (worn)
 F - +0 steam dragon scales (worn)
Jewellery
 g - a ring of protection from fire (left hand)
Scrolls
 b - 6 scrolls of teleportation
 f - 2 scrolls of enchant armour {unknown}
 i - 3 scrolls of amnesia {unknown}
 m - 3 scrolls of fear {unknown}
 n - a scroll of noise {unknown}
 o - 2 scrolls of fog
 p - a scroll of vulnerability
 s - 3 scrolls of magic mapping
 y - 2 scrolls of blinking
Potions
 c - 2 potions of lignification
 d - a potion of brilliance {unknown}
 j - 2 potions of heal wounds
 k - a potion of berserk rage {unknown}
 q - 2 potions of curing {unknown}
 r - a potion of might {unknown}
 u - a potion of mutation {unknown}
 v - 5 potions of flight {unknown}
 w - a potion of invisibility
 z - a potion of ambrosia
 A - 2 potions of attraction


   Skills:
 + Level 2.0 Fighting
 + Level 4.0 Dodging
 + Level 4.2 Stealth
 + Level 9.6 Spellcasting


You had 3 spell levels left.
You knew the following spells:

 Your Spells              Type           Power      Damage    Failure   Level
a - Foxfire               Conj/Fire      100%       2x1d9     1%          1
b - Conjure Flame         Conj/Fire      48%        6-21      1%          3
c - Inner Flame           Hex/Fire       48%        N/A       1%          3
d - Sticky Flame          Conj/Fire      48%        2d7       1%          4
e - Fireball              Conj/Fire      24%        3d11      3%          5
f - Magic Dart            Conj           100%       1d8       1%          1
g - Corpse Rot            Necr/Air       N/A        N/A       1%          2
h - Ensorcelled Hibernat  Hex/Ice        96%        N/A       1%          2
i - Iskenderun's Mystic   Conj/Tloc      48%        2d11      1%          4
Your spell library was empty.

Dungeon Overview and Level Annotations

Branches:
Dungeon (7/15)             Temple (1/1) D:5           Sewer (visited)

Altars:
Cheibriados
Dithmenos
Fedhas
Gozag
Makhleb
Nemelex Xobeh
Okawaru
Qazlal
Ru
Sif Muna
Trog
Uskayaw
Vehumet
Wu Jian
Xom
Zin
The Shining One

Shops:
D:2 ?

Annotations:
D:7 Dowan, Joseph


Innate Abilities, Weirdness & Mutations

You are immune to sickness and miasma.
You are immune to poison.
Your flesh is very heat resistant. (rF++)
You are vulnerable to cold. (rC-)
You float through the air rather than walking.
You learn spells naturally, not from books.
Your magical power is your life essence.
You have superior vitality. (+4 HP)


Message History

Aiming: Fireball (dangerous; 4% risk of failure)
Press: ? - help, Shift-Dir - straight line The fireball explodes!
The fireball engulfs Duvessa!
Duvessa is moderately wounded.
The fireball engulfs Joseph!
Joseph is moderately wounded.
Dowan says, "My weaknesses are her strengths!"
A hound comes into view.
Joseph says, "I've waited for this moment for such a long time."
Joseph shoots a sling bullet.
The sling bullet hits you.
Dowan is distracted by your dazzling golden aura.
Casting: Fireball (dangerous; 4% risk of failure)
Confirm with . or Enter, or press ? or * to list all spells.
Aiming: Fireball (dangerous; 4% risk of failure)
Press: ? - help, Shift-Dir - straight line, f - Duvessa
Aim: Duvessa, wielding a +0 short sword and wearing a +0 ring mail (moderately wounded, fast)
The fireball explodes!
The fireball engulfs Duvessa!
Duvessa is heavily wounded.
Dowan shouts!
You hear a shout!
Casting: Fireball (dangerous; 4% risk of failure)
Confirm with . or Enter, or press ? or * to list all spells.
Aiming: Sticky Flame (dangerous; 1% risk of failure)
Press: ? - help, Shift-Dir - straight line, f/p - Duvessa
Aim: Duvessa, wielding a +0 short sword and wearing a +0 ring mail (heavily wounded, fast, 100% to hit)
The sticky flame hits Duvessa.
Duvessa is severely wounded.
Duvessa is covered in liquid flames!
Duvessa burns!
Duvessa hits you but does no damage. Duvessa closely misses you.
Duvessa burns!
Duvessa burns!
You kill Duvessa!
You hear a distant wail of despair.
The hound is distracted by your dazzling golden aura.
The hound is no longer distracted by gold.
The hound is distracted by your dazzling golden aura.
Joseph shoots a sling bullet.
The sling bullet hits you!!
* * * LOW HITPOINT WARNING * * *
Joseph shoots a sling bullet.
The sling bullet hits you!
You die...
Your body crumbles into a pile of gold.

##########........
#...........###.##
#.########### #...
## #.# #>## .. #.#
#... #. #.# ####
#. #.# # #. #.# ##
##.#.#######@# #.
#....@$......# #..
#.....h#########
..... #e.....
###.. .#..... ##.
#..$... .. .#.....
#)# #.#.@.# #.
#.##h#


You could see Joseph.

Vanquished Creatures
  Pikel (D:7)
  Maggie (D:6)
  Grinder (D:5)
  Duvessa (D:7)
  Purgy (Sewer)
  An orc warrior (D:6)
  2 ice beasts (D:6)
  A sky beast (D:6)
  A black bear (D:5)
  A necrophage (D:6)
  3 ogres
  A centaur (D:7)
  3 lemures (D:7)
  A kobold brigand (D:6)
  A bullfrog (D:7)
  A jelly (D:6)
  4 crimson imps (D:6)
  A bullfrog zombie (D:6)
  A hound (D:5)
  5 orc priests
  2 centaur skeletons
  A gnoll shaman (D:4)
  A scorpion zombie (D:5)
  3 iguanas
  3 orc wizards (D:6)
  Robin (D:2)
  2 howler monkey skeletons (D:6)
  4 gnolls (D:4)
  2 adders
  A white imp (D:6)
  An adder skeleton (D:5)
  2 worms
  3 dart slugs
  19 orcs
  3 bats
  7 endoplasms
  4 giant cockroaches
  13 goblins
  10 hobgoblins
  3 jackals (D:2)
  4 quokkas
  21 ball pythons
  7 frilled lizards
  13 kobolds
  4 rats
166 creatures vanquished.

Vanquished Creatures (others)
  770 foxfires
770 creatures vanquished.

Grand Total: 936 creatures vanquished

Notes
Turn   | Place    | Note
-------+----------+-------------------------------------------
     0 | D:1      | robertstho the Djinni Fire Elementalist began the quest for
                  | the Orb.
     0 | D:1      | Reached XP level 1. HP: 15/15 MP: 0/0
   216 | D:1      | Reached XP level 2. HP: 17/21 MP: 0/0
   721 | D:1      | Reached skill level 3 in Spellcasting
  1011 | D:1      | Reached XP level 3. HP: 20/25 MP: 0/0
  1011 | D:1      | Learned a level 1 spell: Magic Dart
  2048 | D:2      | Noticed Robin
  2055 | D:2      | Reached XP level 4. HP: 6/31 MP: 0/0
  2058 | D:2      | Killed Robin
  2593 | D:2      | Found a faded altar of an unknown god.
  2983 | D:2      | Found Ruujem Alys's Magic Scroll Shoppe.
  2991 | D:2      | Bought a scroll of identify for 22 gold pieces
  2991 | D:2      | Bought a scroll of teleportation for 33 gold pieces
  3772 | D:3      | Found a glowing drain.
  3780 | D:3      | Reached XP level 5. HP: 29/35 MP: 0/0
  3780 | D:3      | Learned a level 2 spell: Corpse Rot
  3791 | Sewer    | Entered a sewer
  4148 | Sewer    | Noticed Purgy
  4154 | Sewer    | Killed Purgy
  4155 | Sewer    | Reached skill level 4 in Spellcasting
  4155 | Sewer    | Reached XP level 6. HP: 35/40 MP: 0/0
  5854 | D:4      | Reached skill level 5 in Spellcasting
  6256 | D:4      | Noticed an ogre
  6263 | D:4      | Killed an ogre
  6264 | D:4      | Reached XP level 7. HP: 38/45 MP: 0/0
  6264 | D:4      | Learned a level 2 spell: Ensorcelled Hibernation
  6839 | D:5      | Entered Level 5 of the Dungeon
  7122 | D:5      | Identified the +6 scale mail of the Ward {Harm Rampage +Inv
                  | Str-4}
  7207 | D:5      | Reached skill level 6 in Spellcasting
  7354 | D:5      | Reached XP level 8. HP: 47/51 MP: 0/0
  7385 | D:5      | Noticed Grinder
  7389 | D:5      | Found a staircase to the Ecumenical Temple.
  7392 | D:5      | Paralysed by Grinder for 3 turns
  7395 | D:5      | Killed Grinder
  7624 | Temple   | Entered the Ecumenical Temple
  7631 | Temple   | Became a worshipper of Gozag Ym Sagoz the Greedy
  7916 | D:6      | Reached skill level 1 in Fighting
  7916 | D:6      | Reached skill level 7 in Spellcasting
  8388 | D:6      | Found a shimmering altar of Xom.
  8590 | D:6      | Reached XP level 9. HP: 53/57 MP: 0/0
  8590 | D:6      | Learned a level 4 spell: Iskenderun's Mystic Blast
  8855 | D:6      | Reached skill level 8 in Spellcasting
  9117 | D:6      | Found a bloodstained altar of Trog.
  9181 | D:6      | Found a blossoming altar of Fedhas.
  9181 | D:6      | Found a shadowy altar of Dithmenos.
  9305 | D:6      | Found an iron altar of Okawaru.
  9772 | D:6      | Noticed Maggie
  9791 | D:6      | Killed Maggie
 10040 | D:7      | Reached skill level 9 in Spellcasting
 10131 | D:7      | Noticed Pikel
 10152 | D:7      | Killed Pikel
 10153 | D:7      | Reached XP level 10. HP: 21/64 MP: 0/0
 10418 | D:7      | Noticed Duvessa
 10419 | D:7      | Noticed Joseph
 10420 | D:7      | Noticed Dowan
 10426 | D:7      | Killed Duvessa
 10430 | D:7      | Shot with a sling bullet by Joseph

Illustrated notes

Levels and vault maps discovered:
D:1:      ncdulo_watergridlock, layout_basic, st_stairs_8,
          hangedman_abyss_or_decor_stabs, minmay_pentomino_t4
D:2:      layout_loops_ring, serial_shops, nicolae_shop_waterfront,
          hellmonk_ecumenical_altar_crossroads, uniq_robin
D:3:      layout_loops_corners, cheibrodos_sewer_entry_sluice
D:4:      layout_basic, kennysheep_another_room
D:5:      layout_cave_pools, minmay_temple_entry_tees, st_stairs_6, uniq_grinder
D:6:      layout_loops_ring, led_xom_imps, trog_hazing_becter, okawaru_trees_1,
          grunt_temple_overflow_cloverleaf, uniq_maggie
D:7:      layout_loops_ring, uniq_duvessa, uniq_pikel, uniq_joseph
Temple:   eino_temple_lava

Skill      XL: |  1  2  3  4  5  6  7  8  9 |
---------------+----------------------------+-----
Spellcasting   | 3 4 5 6 7 9 |  9.6
Stealth        | 2 3 4 |  4.2
Dodging        | 3 4 |  4.0
Fighting       | 1 2 |  2.0

Action                   |  1- 3 |  4- 6 |  7- 9 | 10-12 || total
-------------------------+-------+-------+-------+-------++-------
Melee: Short sword       |       |       |    14 |       ||    14
 Cast: Foxfire           |   100 |   172 |   185 |       ||   457
       Sticky Flame      |       |     1 |    16 |     1 ||    18
       Conjure Flame     |       |     1 |       |       ||     1
       Magic Dart        |       |       |    49 |       ||    49
       Iskenderun's Myst |       |       |     1 |       ||     1
       Fireball          |       |       |       |     3 ||     3
  Use: Scroll            |       |     4 |     6 |       ||    10
       Potion            |       |       |     1 |       ||     1
Armor: Robe              |     2 |     2 |    18 |       ||    22
       Steam dragon scal |       |       |     2 |     1 ||     3
Dodge: Dodged            |     5 |    10 |    52 |     2 ||    69

Table legend: (Time is in decaauts)
 A = Elapsed time spent in this place.
 B = Non-inter-level travel time spent in this place.
 C = Inter-level travel time spent in this place.
 D = Time resting spent in this place.
 E = Time spent auto-exploring this place.
 F = Levels seen in this place.
 G = Mean time per level.
                   A        B        C        D        E       F      G
               +--------+--------+--------+--------+--------+-----+--------+
         Total |  10423 |  10112 |    311 |      0 |   8981 |   9 | 1158.1 |
       Dungeon |   9968 |   9665 |    303 |      0 |   8609 |   7 | 1424.0 |
        Temple |     14 |      7 |      7 |      0 |      0 |   1 |   14.0 |
         Sewer |    440 |    440 |      0 |      0 |    372 |   1 |  440.0 |
               +--------+--------+--------+--------+--------+-----+--------+

Top non-repeatable levels by time:
     D:6: 2087 daAuts
     D:1: 2029 daAuts
     D:4: 1608 daAuts
     D:2: 1581 daAuts
     D:3: 1177 daAuts
     D:5: 983 daAuts
     D:7: 501 daAuts
   Sewer: 440 daAuts
  Temple: 14 daAuts
